Map: [TLMC15] Pride of Altaris

Players

Dream - Winner!

  • Race: Terran Terran

Serral

  • Race: Zerg Zerg

VOD

Have the link to the VOD?

Description

Time

  • Played on: Oct. 21, 2021, 9:42 a.m.
  • Length: 18:32
Show
View Real Time Build Order
Export as new Build Order

Dream Terran - Winner!

Build Orders:  

Get SALT Encoding   

  12  0:00  SCV  
  13  0:12  SCV  
  14  0:18  Supply Depot  
  14  0:24  SCV  
  15  0:41  Barracks  
  15  0:51  Barracks  
  15  1:05  Barracks  
  15  1:08  SCV  
  16  1:20  SCV  
  17  1:27  Marine  
  17  1:32  Orbital Command  
  18  1:37  Marine  
  19  1:42  Supply Depot  
  19  1:45  Marine  
  20  1:52  Marine  
  21  1:56  Marine  
  22  2:03  Marine  
  23  2:09  Marine  
  23  2:12  SCV  
  25  2:18  Bunker  
  25  2:19  Barracks  
  25  2:20  Bunker  
  25  2:22  Marine  
  26  2:29  Marine x2  
  25  2:31  SCV  
  27  2:40  Marine  
  28  2:47  Marine  
  28  2:48  SCV  
  28  2:49  Marine  
  30  2:58  Marine  
  31  3:05  Supply Depot  
  31  3:06  SCV  
  31  3:21  Marine  
  32  3:34  SCV  
  32  3:39  Refinery  
  32  3:45  Command Center  
  32  3:46  SCV  
  33  3:56  Refinery  
  33  3:58  SCV  
  34  4:14  SCV  
  34  4:17  Bunker  
  35  4:18  Bunker  
  35  4:26  SCV  
  36  4:31  Supply Depot  
  36  4:33  Factory  
  36  4:38  SCV  
  37  4:50  SCV  
  36  4:57  Bunker  
  36  4:59  Barracks Tech Lab  
  35  5:02  SCV  
  35  5:05  Orbital Command  
  31  5:08  Bunker  
  31  5:13  Barracks Tech Lab  
  31  5:14  SCV  
  31  5:17  Starport  
  32  5:23  Cyclone  
  32  5:26  SCV  
  36  5:33  SCV  
  37  5:37  Supply Depot  
  37  5:38  SCV  
  37  5:40  Stimpack  
  38  5:49  SCV  
  39  5:51  SCV  
  39  5:54  Supply Depot  
  39  6:01  SCV  
  39  6:03  SCV  
  39  6:13  SCV  
  39  6:14  Barracks Reactor  
  39  6:15  SCV  
  54  6:18  Orbital Command  
  41  6:21  Banshee  
  41  6:22  Factory Reactor  
  45  6:27  SCV  
  45  6:28  Marine  
  46  6:40  SCV  
  46  6:45  Command Center  
  47  6:48  Marine  
  47  6:52  SCV  
  49  6:59  Marine  
  49  7:00  Orbital Command  
  50  7:04  SCV  
  51  7:09  Marine  
  52  7:16  SCV  
  52  7:21  Marine x2  
  55  7:25  Combat Shield  
  55  7:26  Medivac x2  
  55  7:27  SCV  
  55  7:28  SCV  
  61  7:32  Supply Depot  
  61  7:36  Supply Depot  
  61  7:38  Marine  
  62  7:50  Supply Depot  
  62  7:53  Marine x2, SCV x2  
  62  7:58  Orbital Command  
  66  8:00  Siege Tank  
  69  8:05  SCV x2  
  69  8:07  Refinery x2  
  69  8:09  Marine  
  69  8:11  Marine x2, Supply Depot  
  74  8:15  Engineering Bay  
  74  8:17  SCV x2  
  76  8:23  SCV, Engineering Bay  
  76  8:24  Barracks  
  77  8:30  SCV  
  77  8:33  Siege Tank  
  81  8:35  SCV x2  
  81  8:37  Marine x3  
  86  8:42  SCV  
  86  8:47  SCV  
  86  8:49  SCV  
  86  8:54  SCV  
  86  8:55  Marine x2  
  89  8:57  Orbital Command  
  89  8:59  SCV  
  90  9:07  Terran Infantry Weapons Level 1  
  90  9:08  Marine, Terran Infantry Armor Level 1  
  91  9:10  SCV  
  91  9:11  SCV  
  91  9:13  Marine, Barracks  
  91  9:14  Barracks  
  91  9:16  Marine  
  96  9:20  Barracks Reactor  
  96  9:23  SCV x2  
  94  9:28  Marine  
  94  9:30  Marine, SCV  
  94  9:32  Siege Tank  
  94  9:34  Medivac x2  
  94  9:35  SCV  
  102  9:39  SCV  
  102  9:41  Factory  
  102  9:42  SCV  
  102  9:45  Marine  
  104  9:47  Marauder, Refinery x2  
  104  9:48  SCV  
  104  9:51  SCV  
  109  9:56  Supply Depot  
  109  9:57  Supply Depot  
  109  9:58  Supply Depot  
  109  10:02  Armory  
  109  10:04  Supply Depot  
  109  10:07  Supply Depot  
  109  10:08  Barracks Tech Lab  
  109  10:09  Barracks Tech Lab  
  109  10:15  Command Center  
  109  10:17  Siege Tank  
  112  10:22  SCV x2  
  114  10:30  Marauder x3  
  114  10:32  Marine x4  
  114  10:34  Supply Depot  
  124  10:35  Supply Depot  
  124  10:37  Factory Tech Lab  
  124  10:42  Supply Depot  
  124  10:44  Medivac x2  
  124  10:49  Siege Tank  
  129  10:52  Marauder  
  129  10:53  Marauder x2, Terran Vehicle Weapons Level 1  
  129  10:54  Marine x2  
  137  11:03  Siege Tank  
  140  11:12  Terran Infantry Weapons Level 2  
  140  11:13  Marine  
  140  11:14  Marine x4  
  140  11:18  Terran Infantry Armor Level 2  
  145  11:21  Siege Tank  
  146  11:29  Medivac x2  
  149  11:34  SCV  
  149  11:35  SCV x2  
  149  11:36  Marine, Marauder x3  
  159  11:41  Marine x3  
  162  11:48  SCV x3  
  162  11:49  Concussive Shells  
  165  11:54  Missile Turret  
  165  11:55  Missile Turret  
  165  11:56  Planetary Fortress  
  165  12:00  Marauder  
  165  12:01  Marine  
  168  12:03  Marine x2  
  168  12:06  Marine x2  
  172  12:19  Marauder  
  172  12:22  Marauder, Siege Tank x2  
  182  12:24  Marauder  
  182  12:28  Medivac x2  
  188  12:32  Barracks  
  188  12:33  Barracks x2  
  188  12:44  Supply Depot  
  188  12:45  Supply Depot  
  188  12:57  Marine  
  188  13:05  Marine x3, Marauder, Siege Tank  
  196  13:07  Marauder x2  
  198  13:15  Marine  
  199  13:23  Marine x3, Siege Tank  
  197  13:27  Marauder  
  197  13:28  Marauder x2  
  197  13:32  Marine  
  177  13:42  Marine  
  177  13:44  Marine  
  177  13:45  Marine  
  177  13:46  Barracks Reactor, Barracks Tech Lab  
  177  13:47  Barracks Tech Lab  
  180  13:48  Marauder  
  180  13:50  Marauder x2, Refinery x2  
  180  13:51  Command Center  
  180  13:52  Command Center  
  180  13:54  Siege Tank  
  177  13:55  Siege Tank, Command Center  
  177  14:02  Marine x2  
  167  14:08  Medivac x2  
  149  14:10  Marine x2, Marauder x3  
  149  14:11  Marauder x2  
  149  14:15  Terran Infantry Weapons Level 3  
  149  14:16  Terran Infantry Armor Level 3  
  153  14:20  Marine x2  
  153  14:23  Marine  
  156  14:26  Siege Tank  
  156  14:28  Marine x2, Siege Tank  
  166  14:31  Marauder x3  
  166  14:32  Marauder  
  166  14:38  Medivac x2  
  176  14:43  Marauder  
  176  14:44  Marine  
  176  14:45  Marine  
  180  14:47  Marine  
  180  14:50  Marine  
  183  14:52  Marauder  
  183  14:58  Siege Tank  
  186  15:02  Marine  
  186  15:03  Marauder  
  186  15:04  Marine x2  
  189  15:14  Marauder x2  
  189  15:15  Marine  
  189  15:18  Marine x2, Marauder x2  
  189  15:20  Marine  
  190  15:26  Marauder  
  188  15:34  Marine x3  
  178  15:35  Marine  
  178  15:36  Marauder x2  
  178  15:39  Marauder x2  
  178  15:41  Siege Tank x2  
  187  15:45  Marine x2  
  188  15:52  Orbital Command x2  
  188  16:00  Marauder x3  
  188  16:01  Marauder  
  188  16:02  Sensor Tower  
  196  16:08  Marine, Marauder  
  196  16:10  Marine x2  
  200  16:31  Planetary Fortress  
  200  16:36  Marauder  
  198  16:41  Marauder  
  198  16:44  Marine, Marauder  
  199  16:47  Marine  
  199  16:50  Marine, Marauder x2  
  199  16:53  Marine  
  192  16:58  Marauder  
  194  17:03  Marauder  
  194  17:06  Marauder  
  198  17:15  Marauder  
  198  17:17  Marauder  
  198  17:18  Marine x2  
  198  17:20  Marine x2  
  198  17:21  Marauder  
  156  17:23  Siege Tank x2  
  156  17:24  Medivac x2  
  156  17:25  Marine  
  156  17:26  Marauder  
  156  17:27  Marine x2  
  156  17:29  SCV  
  144  17:30  SCV x2  
  144  17:35  Marine  
  144  17:36  Marine  
  144  17:37  Marauder, SCV x2  
  130  17:39  Marine  
  130  17:45  Marauder x2  
  130  17:50  Marauder x2  
  130  17:51  Marine  
  149  18:08  Marine, Marauder  
Show
View Real Time Build Order
Export as new Build Order

Serral Zerg 

Build Orders: Pool First 

Get SALT Encoding   

  12  0:00  Drone  
  13  0:12  Overlord  
  13  0:16  Drone  
  14  0:31  Drone x2  
  16  0:40  Spawning Pool  
  15  0:44  Drone  
  15  0:47  Drone  
  17  1:08  Hatchery  
  17  1:11  Drone  
  17  1:27  Zergling x4  
  17  1:28  Zergling x2  
  17  1:30  Queen  
  17  1:32  Extractor  
  21  1:39  Drone  
  22  1:49  Overlord  
  22  2:07  Queen  
  24  2:10  Drone  
  24  2:12  Drone  
  26  2:19  Spine Crawler, Queen  
  26  2:22  Zergling x2  
  27  2:25  Zergling x2  
  28  2:31  Zergling x2  
  27  2:45  Zergling x4  
  22  3:11  Extractor  
  21  3:13  Roach Warren  
  21  3:14  Drone  
  21  3:16  Drone  
  22  3:21  Drone  
  23  3:30  Drone  
  23  3:33  Drone  
  25  3:43  Overlord  
  24  4:02  Roach x2  
  27  4:04  Roach  
  29  4:11  Roach  
  29  4:16  Roach  
  34  4:24  Ravager x2  
  34  4:25  Ravager  
  36  4:32  Overlord  
  36  4:38  Roach  
  38  4:52  Drone  
  38  5:10  Hatchery  
  37  5:16  Drone  
  37  5:20  Ravager x3  
  41  5:26  Overlord  
  41  5:29  Drone  
  41  5:33  Drone  
  43  5:42  Queen  
  43  5:47  Drone  
  46  5:51  Drone  
  47  5:59  Overlord  
  47  6:06  Drone x3  
  42  6:23  Metabolic Boost  
  42  6:30  Hatchery  
  42  6:32  Drone  
  42  6:36  Drone  
  42  6:37  Drone  
  44  6:46  Queen  
  46  6:51  Drone  
  48  6:54  Drone  
  48  6:59  Drone x3  
  51  7:04  Overlord  
  50  7:09  Drone  
  50  7:10  Drone  
  52  7:16  Drone x4  
  50  7:24  Lair  
  50  7:27  Roach  
  52  7:32  Spore Crawler  
  52  7:35  Roach x2  
  55  7:38  Spore Crawler  
  54  7:46  Roach  
  54  7:47  Overlord  
  54  7:49  Drone x2  
  54  7:50  Drone  
  54  7:51  Drone  
  60  7:57  Drone x2  
  62  8:03  Roach x2  
  62  8:04  Zergling x4  
  62  8:05  Drone  
  69  8:07  Drone  
  70  8:13  Roach x2  
  70  8:19  Overlord  
  74  8:20  Extractor  
  74  8:26  Overseer, Glial Reconstitution  
  73  8:32  Drone x3  
  75  8:39  Evolution Chamber  
  75  8:40  Roach x3  
  80  8:41  Evolution Chamber  
  80  8:47  Drone  
  81  8:57  Drone  
  81  9:01  Overlord  
  78  9:03  Overlord  
  78  9:07  Extractor, Overlord  
  78  9:08  Queen  
  79  9:11  Drone x3  
  82  9:21  Overlord  
  82  9:23  Drone x7, Overseer  
  82  9:26  Drone  
  82  9:28  Drone  
  80  9:33  Zerg Missile Weapons Level 1  
  80  9:36  Zerg Ground Armor Level 1  
  78  9:41  Spore Crawler  
  78  9:43  Drone x2  
  80  9:45  Drone  
  80  9:50  Roach x2  
  85  9:53  Ravager  
  85  9:55  Roach x2  
  90  10:01  Extractor  
  90  10:02  Extractor  
  90  10:05  Roach x4  
  96  10:08  Ravager  
  96  10:09  Overlord  
  96  10:12  Drone  
  98  10:14  Roach  
  98  10:15  Roach x2  
  98  10:18  Overlord  
  104  10:21  Roach  
  104  10:23  Roach  
  108  10:29  Drone  
  108  10:30  Infestation Pit  
  108  10:32  Drone  
  108  10:33  Drone x3  
  112  10:36  Overlord  
  112  10:38  Roach  
  112  10:39  Roach  
  116  10:47  Roach x3  
  122  10:53  Overlord x3  
  122  11:02  Hatchery  
  121  11:06  Infestor x2  
  121  11:09  Infestor  
  127  11:13  Roach x2  
  127  11:18  Zergling x8  
  133  11:27  Drone  
  133  11:30  Ravager  
  133  11:32  Roach x2, Zergling x8  
  141  11:33  Hatchery  
  141  11:35  Drone  
  141  11:39  Zergling x8  
  145  11:45  Zerg Missile Weapons Level 2  
  145  11:48  Zerg Ground Armor Level 2  
  145  11:53  Overlord  
  145  11:54  Overlord  
  145  11:57  Ravager  
  146  12:02  Roach x4  
  146  12:05  Overlord  
  154  12:10  Overlord  
  158  12:15  Roach x2  
  158  12:16  Roach x2  
  162  12:24  Roach x4  
  167  12:38  Roach x3  
  167  12:41  Hatchery  
  170  12:46  Hive  
  170  12:47  Ravager x2  
  170  12:48  Ravager x4  
  176  12:52  Zergling x16  
  183  13:02  Roach  
  185  13:06  Roach Warren, Overlord x2  
  180  13:16  Overlord  
  180  13:20  Drone x3  
  180  13:23  Drone x2  
  158  13:44  Drone  
  158  13:46  Ravager x2  
  158  13:47  Ravager x2  
  158  13:48  Ravager  
  164  13:49  Roach x9  
  164  13:55  Hatchery  
  164  14:02  Roach x7  
  166  14:09  Roach  
  139  14:12  Roach x4  
  144  14:20  Zerg Missile Weapons Level 3  
  144  14:22  Ravager  
  147  14:24  Roach x2  
  149  14:31  Zerg Ground Armor Level 3  
  149  14:33  Zergling x2  
  149  14:34  Zergling x2  
  151  14:41  Zergling x10  
  156  14:50  Zergling x14  
  159  14:58  Roach x3  
  165  15:02  Roach x2  
  165  15:03  Roach  
  171  15:11  Ravager x7  
  178  15:20  Roach x6  
  178  15:25  Drone  
  177  15:35  Zergling x20  
  176  15:47  Hatchery  
  165  15:51  Infestor x2  
  165  15:55  Ravager  
  170  16:02  Zergling x16  
  178  16:05  Ravager x3  
  181  16:12  Ravager x2  
  181  16:14  Zergling x4  
  181  16:15  Roach x2  
  187  16:19  Roach x2  
  191  16:28  Roach x4  
  188  16:42  Roach x5  
  185  16:48  Roach x2  
  185  16:50  Roach  
  188  16:58  Ravager x3  
  188  16:59  Ravager x2  
  192  17:05  Zergling x12  
  189  17:20  Roach x7  
  139  17:25  Roach  
  139  17:28  Roach x2  
  109  17:32  Roach x2  
  104  17:38  Roach x4  
  104  17:43  Roach x2  
  112  17:45  Roach  
  112  17:47  Ravager x4  
  112  17:51  Zergling x4  
  120  17:56  Infestor, Extractor  
  121  18:01  Drone x3  
  121  18:04  Roach x2  
  128  18:09  Roach  
  130  18:13  Roach x3  
Tags
 
Add a new tag
Caveats
  • Supply blocks, unpowered buildings, or Contaminate may cause inaccurate times.
  • Supply counts are checked every 10 seconds.